 Dungeon Crawl Stone Soup version 0.30-a0-55-g90e3122c3a (webtiles) character file.

Game seed: 15946903656947195327

207 Newt the Poker (level 5, 0/40 HPs)
             Began as a Demonspawn Gladiator on Sept 9, 2022.
             Was an Initiate of Kikubaaqudgha.
             Succumbed to a killer bee's poison
             ... on level 4 of the Dungeon.
             The game lasted 00:03:41 (3038 turns).

Newt the Poker (Demonspawn Gladiator)               Turns: 3038, Time: 00:03:42

Health: 0/40       AC:  6    Str: 16    XL:     5   Next: 54%
Magic:  5/5        EV: 12    Int:  9    God:    Kikubaaqudgha [......]
Gold:   87         SH:  0    Dex: 15    Spells: 4/4 levels left

rFire   . . .      SeeInvis .    j - +0 trident (vorpal)
rCold   . . .      Faith    .    (no shield)
rNeg    . . .      Spirit   .    b - +0 leather armour
rPois   .          Reflect  .    c - +0 helmet
rElec   .          Harm     .    (no cloak)
rCorr   .          Rampage  .    (no gloves)
Will    .....                    (no boots)
Stlth   ++........               (no amulet)
HPRegen 0.13/turn                (no ring)
MPRegen 0.09/turn                (no ring)

@: lethally poisoned (0 -> -11), about to teleport
A: thin metallic scales 1, ignite blood 1, demonic magic 1, subdued magic 1
a: Renounce Religion


You were on level 4 of the Dungeon.
You worshipped Kikubaaqudgha.
Kikubaaqudgha was noncommittal.
You visited 2 branches of the dungeon, and saw 4 of its levels.

You collected 87 gold pieces.

Inventory:

Hand Weapons
 a - a +0 rapier
 j - a +0 vorpal trident (weapon)
Missiles
 d - 3 throwing nets (quivered)
 e - a javelin
Armour
 b - a +0 leather armour (worn)
 c - a +0 helmet (worn)
Jewellery
 n - a ring of magical power
Scrolls
 o - a scroll of magic mapping
 p - a scroll of butterflies {unknown}
Potions
 g - a potion of invisibility
 k - a potion of brilliance {unknown}


   Skills:
 + Level 2.9 Fighting
 - Level 2.6 Short Blades
 - Level 4.0 Polearms
 - Level 1.7 Throwing
 - Level 2.6 Dodging
 - Level 2.0 Stealth


You had 4 spell levels left.
You didn't know any spells.
Your spell library contained the following spells:

 Spells                   Type           Power      Damage    Failure   Level
 Static Discharge         Conj/Air       0%         3-3/arc   54%         2
 Call Canine Familiar     Summ           0%         N/A       80%         3
 Portal Projectile        Hex/Tloc       0%         N/A       80%         3
 Dispel Undead            Necr           0%         3d6       99%         4
 Leda's Liquefaction      Hex/Erth       0%         N/A       99%         4
 Sticky Flame             Conj/Fire      0%         2d3       99%         4


Dungeon Overview and Level Annotations

Branches:
Dungeon (4/15)             Temple (1/1) D:4

Altars:
Cheibriados
Fedhas
Gozag
Kikubaaqudgha
Makhleb
Nemelex Xobeh
Okawaru
Qazlal
Sif Muna
Vehumet
Xom


Innate Abilities, Weirdness & Mutations

You are partially covered in thin metallic scales. (AC +2)
Your demonic aura sometimes causes spilled blood to erupt in flames.
Spells you cast may paralyse adjacent enemies.
Your spells are a little easier to cast, but a little less powerful.


Message History

The killer bee barely misses you.
You feel very sick.
The killer bee stings you but does no damage.
You bump into the rock wall.
You feel very sick.
The killer bee buzzes angrily.
The killer bee misses you. The killer bee stings you.
Unknown command.
You are too confused!
Unknown command.
You bump into the rock wall.
You feel sick. The killer bee stings you. The killer bee completely misses you.
The killer bee stings you. The killer bee misses you.
The killer bee closely misses you.
Unknown command.
You feel less invigorated.
You feel less confused.
You feel sick. The killer bee stings you.
You are more poisoned.
The killer bee poisons you!
The killer bee stings you but does no damage. x3
The killer bee stings you.
The killer bee attacks as you move away!
The killer bee stings you.
* * * LOW HITPOINT WARNING * * *
You are lethally poisoned!
The killer bee poisons you!
The killer bee attacks as you move away!
The killer bee stings you.
* * * LOW HITPOINT WARNING * * *
x2 You feel very sick.
Unknown command.
As you read the scroll of teleportation, it crumbles to dust.
You feel strangely unstable.
* * * LOW HITPOINT WARNING * * *
You feel very sick.
Unknown command.
It was a potion of mutation.
You feel extremely strange.
Your connection to magic feels subdued.
You die...
Kikubaaqudgha rasps: "You have failed me!
Welcome... death!"

#.##.. ..yy.# #.#yy# #. #.##
#y###.# #.###S#y## #...yyyy#
######°## #@# ###
#.############ ..# ###
#............#
#.###.############.##...###.#
#.##...........# #.##...###.##.
......########.###.##..........
#.##### ##....#.###.......# ).#
#.......#......#..# ###
#....##...#..##..#


You could see 5 killer bees and a ball python.

Vanquished Creatures
  Menkaure (D:4)
  An iguana (D:4)
  An adder (D:4)
  An ufetubus (D:4)
  3 worms
  An orc (D:4)
  2 ball pythons (D:1)
  6 bats
  3 endoplasms
  2 goblins (D:1)
  3 hobgoblins
  6 kobolds
  2 quokkas
  A frilled lizard (D:2)
  4 rats
37 creatures vanquished.

Vanquished Creatures (others)
  3 fungi (D:2)
  A plant (D:2)
4 creatures vanquished.

Grand Total: 41 creatures vanquished

Notes
Turn   | Place    | Note
-------+----------+-------------------------------------------
     0 | D:1      | Newt the Demonspawn Gladiator began the quest for the Orb.
     0 | D:1      | Reached XP level 1. HP: 16/16 MP: 1/1
    60 | D:1      | Reached skill level 1 in Stealth
   265 | D:1      | Gained mutation: You are partially covered in thin metallic
                  | scales. (AC +2) [demonic ancestry]
   265 | D:1      | Reached XP level 2. HP: 22/22 MP: 2/2
   797 | D:2      | Reached skill level 1 in Polearms
   931 | D:2      | Reached XP level 3. HP: 4/27 MP: 3/3
  1508 | D:2      | You fall into a shaft and drop 2 floors!
  1629 | D:4      | Noticed Menkaure
  1630 | D:4      | Reached skill level 2 in Polearms
  1644 | D:4      | Killed Menkaure
  1645 | D:4      | Reached skill level 4 in Polearms
  1645 | D:4      | Gained mutation: Your demonic aura sometimes causes spilled
                  | blood to erupt in flames. [demonic ancestry]
  1645 | D:4      | Reached XP level 4. HP: 10/33 MP: 4/4
  1645 | D:4      | Gained mutation: Spells you cast may paralyse adjacent
                  | enemies. [demonic ancestry]
  1645 | D:4      | Reached XP level 5. HP: 12/38 MP: 5/5
  2134 | D:4      | Found a blossoming altar of Fedhas.
  2152 | D:4      | Found a staircase to the Ecumenical Temple.
  2673 | Temple   | Entered the Ecumenical Temple
  2960 | Temple   | Became a worshipper of Kikubaaqudgha
  3028 | D:4      | HP: 1/40 [killer bee (7)]
  3037 | D:4      | HP: 1/40 [poisoned by a killer bee]
  3038 | D:4      | Gained mutation: Your spells are a little easier to cast,
                  | but a little less powerful. [potion of mutation]
  3038 | D:4      | Succumbed to a killer bee's poison

Illustrated notes

Levels and vault maps discovered:
D:1:      erik_arrival_triangle_large, layout_basic
D:2:      layout_loops_cross, shapermc_ecumenical_altar_rom_forum,
          minmay_randomly_rotated_circles
D:4:      layout_loops_cross, mainiacjoe_overflow_cross_hatched,
          minmay_temple_entry_wispy, nicolae_stop_n_shop_2,
          minmay_parallelograms, uniq_menkaure
Temple:   oiseaux_autumnal_temple

Skill      XL: |  1  2  3 |
---------------+----------+-----
Stealth        | 1 2 |  2.0
Polearms       | 1 4 |  4.0
Fighting       | |  2.9
Short Blades   | |  2.6
Throwing       | |  1.7
Dodging        | |  2.6

Action                   |  1- 3 |  4- 6 || total
-------------------------+-------+-------++-------
Melee: Rapier            |    12 |       ||    12
       Trident           |    94 |    24 ||   118
       Punch             |     2 |       ||     2
Throw: Throwing net      |     5 |       ||     5
       Javelin           |     1 |       ||     1
  Use: Scroll            |     6 |     1 ||     7
       Potion            |     1 |     4 ||     5
 Stab: Sleeping          |     5 |       ||     5
       Held in net/web   |     3 |       ||     3
Armor: Leather armour    |    27 |    13 ||    40
Dodge: Dodged            |    38 |    21 ||    59

Table legend: (Time is in decaauts)
 A = Elapsed time spent in this place.
 B = Non-inter-level travel time spent in this place.
 C = Inter-level travel time spent in this place.
 D = Time resting spent in this place.
 E = Time spent auto-exploring this place.
 F = Levels seen in this place.
 G = Mean time per level.
                   A        B        C        D        E       F      G
               +--------+--------+--------+--------+--------+-----+--------+
         Total |   3071 |   2975 |     96 |   1229 |   1311 |   4 |  767.8 |
       Dungeon |   2745 |   2709 |     36 |   1229 |   1060 |   3 |  915.0 |
        Temple |    326 |    266 |     60 |      0 |    251 |   1 |  326.0 |
               +--------+--------+--------+--------+--------+-----+--------+

Top non-repeatable levels by time:
     D:4: 1219 daAuts
     D:2: 871 daAuts
     D:1: 655 daAuts
  Temple: 326 daAuts
